 Dungeon Crawl Stone Soup version 0.19-a0-1111-gcceb26a (webtiles) character file.

281 Ijustatesigmund the Skirmisher (level 6, 49/49 HPs)
             Began as a Demonspawn Fighter on Aug 11, 2016.
             Quit the game on level 3 of the Dungeon.
             The game lasted 00:05:46 (2640 turns).

Ijustatesigmund the Skirmisher (Demonspawn Fighter) Turns: 2640, Time: 00:05:46

Health: 49/49      AC:  6    Str: 16    XL:     6   Next: 6%
Magic:  6/6        EV:  8    Int: 10    God:
Gold:   26         SH:  9    Dex: 16    Spells: 0 memorised, 5 levels left

rFire  . . .     SeeInvis .     a - +0 flail
rCold  . . .     Gourm    .     b - +0 scale mail
rNeg   . . .     Faith    .     c - +0 shield
rPois  .         Spirit   +     (no helmet)
rElec  .         Dismiss  .     (no cloak)
rCorr  .         Reflect  .     (no gloves)
SustAt .         Harm     .     (no boots)
MR     .....                    (no amulet)
Stlth  +.........               (no ring)
                                (no ring)

@:
A: thin skeletal structure 1, powered by pain 1, magic shield, magic
regeneration
a: no special abilities


You were on level 3 of the Dungeon.
You were not hungry.

You visited 1 branch of the dungeon, and saw 4 of its levels.

You collected 125 gold pieces.
You spent 99 gold pieces at shops.

Inventory:

Hand Weapons
 a - a +0 flail (weapon)
Armour
 b - a +0 scale mail (worn)
 c - a +0 shield (worn)
 k - a +2 leather armour of positive energy
Scrolls
 e - 8 scrolls of identify
 g - a scroll of teleportation
 m - a scroll of remove curse
 o - a scroll of magic mapping
Potions
 r - a potion of berserk rage
 s - a potion of mutation
Comestibles
 f - 2 bread rations
 i - 2 meat rations
 l - 7 fruits


   Skills:
 + Level 4.6 Fighting
 + Level 3.6 Maces & Flails
 - Level 2.6 Armour
 + Level 2.9 Dodging
 - Level 2.6 Shields


You had 5 spell levels left.
You didn't know any spells.

Dungeon Overview and Level Annotations

Branches:
Dungeon (4/15)             Temple (0/1) D:4

Altars:
Dithmenos

Shops:
D:4 ?


Innate Abilities, Weirdness & Mutations

You have a somewhat thin skeletal structure. (Dex +2, Stealth)
You sometimes gain a little power by taking damage.
When hurt, damage is shared between your health and your magic reserves.
You regenerate magic rapidly.


Message History

You start resting.
Magic restored.
You start resting.
A rat comes into view.
You sock the rat!
You kill the rat!
No target in view!
No target in view!
No target in view!
No target in view!
No target in view!
No target in view!
No target in view!
No target in view!
No target in view!
No target in view!
No target in view!
You start resting.
HP restored.
Are you sure you want to abandon this character and quit the game? (Confirm with "yes".)

###.#.#..###......)...# #
#..##.## ##...#.>##.# #
####.#.#..###....#..##.# #
#...........#...#.#..##.# #
#.###.#.###..#.##.#..##.###
#.#.# #..#.##.......##.
#.#.###..#.####..##.#.#
#........[..........#.#
###..†@).........##.#.#
#.................#.<..
#.####..)...#####.#.### #
#..>.#.# #.#(# # #.
##.##..# #...#
##.#####.##..# #.###
.........##..#####.#
##.......##.).†....#
####.....##.####.###


There were no monsters in sight!

Vanquished Creatures
  An orc wizard (D:3)
  Jessica (D:3)
  Natasha (twice) (D:3)
  4 gnolls (D:3)
  6 adders
  An ooze (D:1)
  2 worms
  5 dart slugs
  4 orcs (D:3)
  2 giant cockroaches
  7 goblins
  3 hobgoblins
  4 jackals (D:3)
  8 kobolds
  A quokka (D:2)
  A ball python (D:2)
  6 bats
  5 giant newts
  11 rats
74 creatures vanquished.

Notes
Turn   | Place    | Note
-------+----------+-------------------------------------------
     0 | D:1      | Ijustatesigmund the Demonspawn Fighter began the quest for the Orb.
     0 | D:1      | Reached XP level 1. HP: 18/18 MP: 1/1
    29 | D:1      | Gained mutation: When hurt, damage is shared between your health and your magic reserves. [demonic ancestry]
    29 | D:1      | Reached XP level 2. HP: 11/24 MP: 2/2
   211 | D:1      | Reached skill level 1 in Dodging
   500 | D:1      | Reached XP level 3. HP: 7/29 MP: 3/3
  1276 | D:2      | Gained mutation: You sometimes gain a little power by taking damage. [demonic ancestry]
  1276 | D:2      | Reached XP level 4. HP: 28/37 MP: 4/4
  1766 | D:3      | Found a shadowy altar of Dithmenos.
  1835 | D:3      | Reached skill level 4 in Fighting
  1969 | D:3      | Noticed Natasha
  1976 | D:3      | Killed Natasha
  1976 | D:3      | Gained mutation: You have a somewhat thin skeletal structure. (Dex +2, Stealth) [demonic ancestry]
  1976 | D:3      | Reached XP level 5. HP: 34/42 MP: 3/5
  2039 | D:3      | Noticed Jessica
  2157 | D:3      | Noticed Natasha
  2168 | D:3      | Killed Natasha
  2309 | D:3      | Killed Jessica
  2326 | D:4      | Found Muduwk's Magic Scroll Boutique.
  2333 | D:4      | Bought a scroll of identify for 22 gold pieces
  2333 | D:4      | Bought a scroll of identify for 22 gold pieces
  2333 | D:4      | Bought a scroll of identify for 22 gold pieces
  2333 | D:4      | Bought a scroll of teleportation for 33 gold pieces
  2393 | D:3      | Gained mutation: You regenerate magic rapidly. [demonic ancestry]
  2393 | D:3      | Reached XP level 6. HP: 37/49 MP: 3/6
  2640 | D:3      | Quit the game

Vault maps used:
D:1:      lemuel_arrival_lava_pool
D:2:      first_bread, kennysheep_doodads, minmay_misc_feat_columns
D:3:      lemuel_castle_with_subvaults, grunt_dithmenos_smoke_and_mirrors,
          uniq_natasha, uniq_jessica
D:4:      kennysheep_ying_yang, serial_shops,
          nicolae_shop_competitors_out_of_business,
          nicolae_ru_the_path_less_chosen, uniq_eustachio

Skill      XL: |  1  2  3  4 |
---------------+-------------+-----
Maces & Flails | 2 3 |  3.6
Dodging        | 1 2 |  2.9
Fighting       | 4 |  4.6
Armour         | |  2.6
Shields        | |  2.6

Action                   |  1- 3 |  4- 6 || total
-------------------------+-------+-------++-------
Melee: Flail             |   128 |   142 ||   270
  Use: Potion            |       |     3 ||     3
       Scroll            |       |     9 ||     9
  Eat: Chunk             |     1 |     3 ||     4
       Royal jelly       |       |     1 ||     1
Armor: Scale mail        |    74 |    69 ||   143
Dodge: Dodged            |    47 |    55 ||   102
Block: Shield            |    71 |    80 ||   151
